Map: Oxide LE

Players

PartinG - Winner!

  • Race: Protoss Protoss

HeroMarine

  • Race: Terran Terran

Event: DreamHack SC2 Masters 2021 Fall

VOD

Have the link to the VOD?

Description

Time

  • Played on: Sept. 7, 2021, 11:22 a.m.
  • Length: 12:04

All games in this series

Show
View Real Time Build Order
Export as new Build Order

PartinG Protoss - Winner!

Build Orders: 1 Gate Expand, Zealot Archon, Dark Templar Rush 

Get SALT Encoding   

  12  0:00  Probe  
  13  0:12  Probe  
  14  0:17  Pylon  
  14  0:24  Probe (Chrono Boost)  
  15  0:36  Gateway, Probe (Chrono Boost)  
  16  0:45  Probe (Chrono Boost)  
  16  0:46  Assimilator  
  17  0:51  Probe  
  18  1:03  Probe  
  19  1:15  Probe  
  20  1:24  Cybernetics Core  
  20  1:31  Nexus  
  20  1:35  Probe  
  21  1:42  Pylon  
  21  1:47  Assimilator  
  21  1:50  Probe  
  22  1:57  Adept (Chrono Boost)  
  24  2:02  Warp Gate, Probe  
  25  2:14  Probe  
  26  2:17  Adept (Chrono Boost)  
  28  2:26  Probe  
  28  2:27  Twilight Council  
  29  2:39  Probe (Chrono Boost)  
  30  2:44  Robotics Facility  
  30  2:45  Probe (Chrono Boost)  
  32  2:56  Probe x2 (Chrono Boost)  
  33  2:59  Gateway  
  33  3:01  Probe (Chrono Boost)  
  33  3:02  Probe  
  35  3:12  Probe  
  36  3:13  Dark Shrine  
  36  3:14  Probe  
  37  3:21  Gateway  
  37  3:24  Probe  
  37  3:27  Probe  
  39  3:31  Warp Prism (Chrono Boost)  
  39  3:38  Probe  
  39  3:39  Probe  
  43  3:46  Pylon  
  41  3:49  Shield Battery  
  41  3:52  Pylon  
  41  3:55  Pylon, Stalker  
  43  3:58  Stalker  
  43  4:01  Assimilator  
  45  4:06  Probe  
  45  4:07  Probe  
  47  4:20  Probe x2  
  49  4:24  Dark Templar x2  
  53  4:32  Stalker, Probe x2  
  53  4:35  Assimilator  
  53  4:37  Pylon  
  57  4:40  Shield Battery  
  57  4:47  Blink (Chrono Boost)  
  57  4:48  Archon  
  57  4:53  Probe x2  
  57  4:54  Pylon  
  59  5:01  Stalker x2  
  59  5:05  Stalker  
  65  5:07  Probe x2  
  65  5:09  Pylon  
  67  5:16  Observer  
  67  5:21  Probe x2  
  70  5:31  Nexus  
  70  5:32  Pylon, Stalker  
  70  5:35  Stalker  
  74  5:37  Observer  
  74  5:39  Stalker  
  77  5:43  Pylon  
  77  5:44  Probe  
  78  5:50  Probe  
  78  5:52  Templar Archives  
  79  5:57  Gateway  
  79  5:59  Gateway  
  79  6:02  Probe x2  
  81  6:08  Stalker  
  83  6:11  Gateway  
  83  6:19  Probe x2  
  83  6:21  Charge (Chrono Boost)  
  83  6:22  Pylon  
  85  6:32  Psionic Storm  
  85  6:34  Observer  
  85  6:36  Zealot, Probe x2  
  85  6:37  Zealot x2  
  93  6:45  Probe  
  94  6:48  Probe  
  94  6:49  Gateway  
  94  6:52  Gateway  
  95  6:57  High Templar x2  
  95  7:00  Shield Battery  
  99  7:04  Zealot x2  
  98  7:13  Probe  
  99  7:15  Forge  
  99  7:17  Pylon  
  99  7:23  Probe x2  
  99  7:25  High Templar, Zealot x3, Probe  
  99  7:27  Assimilator  
  110  7:31  High Templar, Zealot  
  110  7:33  Shield Battery  
  110  7:34  Pylon  
  114  7:39  Probe  
  114  7:40  Probe x2  
  117  7:45  Stalker x3  
  117  7:47  Stalker  
  125  7:56  Zealot x2  
  125  7:58  Zealot  
  131  8:03  Pylon  
  131  8:11  Zealot  
  133  8:18  Pylon  
  133  8:19  Pylon  
  133  8:22  Pylon  
  133  8:23  Zealot x5  
  130  8:38  Dark Templar x3  
  133  8:45  Zealot  
  133  8:50  Archon  
  129  8:58  Pylon x2  
  129  9:12  Warp Prism (Chrono Boost)  
  129  9:13  Stalker x2  
  129  9:14  Stalker, Zealot  
  129  9:15  Protoss Ground Weapons Level 1 (Chrono Boost)  
  117  9:22  Probe x2  
  113  9:28  Pylon  
  105  9:32  Zealot x2  
  105  9:33  Zealot  
  107  9:42  Zealot x4  
  114  9:57  Nexus, Pylon  
  114  9:58  Photon Cannon  
  114  10:00  Pylon  
  114  10:01  Zealot  
  114  10:02  Pylon, Zealot x4  
  114  10:04  Probe  
  114  10:07  Photon Cannon  
  125  10:08  Photon Cannon  
  125  10:09  Assimilator  
  125  10:10  Observer (Chrono Boost)  
  125  10:13  Zealot x3  
  132  10:18  Photon Cannon  
  132  10:21  Shield Battery  
  132  10:22  Probe  
  132  10:23  Observer (Chrono Boost), Probe x2  
  132  10:26  High Templar  
  132  10:27  High Templar  
  132  10:28  High Templar x2  
  142  10:32  Pylon  
  142  10:34  Zealot  
  146  10:41  Zealot x2  
  150  10:51  Zealot, Immortal (Chrono Boost)  
  150  10:53  Pylon  
  152  11:10  Zealot x6  
  162  11:14  Forge  
  162  11:15  Probe  
  162  11:17  Zealot  
  165  11:24  Zealot  
  167  11:32  Archon  
  165  11:34  Zealot x3  
  165  11:35  Zealot x2  
  171  11:45  Zealot x3  
  109  11:55  Zealot x5  
Show
View Real Time Build Order
Export as new Build Order

HeroMarine Terran 

Build Orders: Reaper Expand 

Get SALT Encoding   

  12  0:00  SCV  
  13  0:12  SCV  
  14  0:17  Supply Depot  
  14  0:24  SCV  
  15  0:38  SCV  
  15  0:39  Barracks  
  16  0:43  Refinery  
  16  0:51  SCV  
  17  1:03  SCV  
  18  1:15  SCV  
  19  1:27  Reaper, Orbital Command  
  20  1:47  Command Center  
  20  1:53  Supply Depot  
  20  1:55  SCV  
  20  1:59  Marine  
  22  2:07  SCV  
  23  2:11  Factory  
  23  2:19  SCV  
  23  2:20  Barracks Reactor  
  24  2:24  Bunker  
  24  2:28  Refinery  
  24  2:31  SCV  
  25  2:43  SCV  
  26  2:55  SCV  
  26  2:56  Hellion  
  26  2:57  Marine x2  
  26  2:58  Starport  
  31  3:04  Orbital Command  
  31  3:08  SCV  
  32  3:14  Marine  
  32  3:15  Marine  
  34  3:20  SCV, Hellion  
  37  3:31  SCV  
  37  3:32  SCV  
  39  3:36  Supply Depot  
  39  3:38  Medivac  
  39  3:40  Marine  
  39  3:41  Marine  
  43  3:42  Hellion  
  43  3:46  SCV  
  46  3:58  Marine, SCV  
  46  3:59  SCV, Engineering Bay  
  46  4:01  Marine  
  46  4:02  Supply Depot  
  50  4:04  Refinery  
  50  4:08  Factory Tech Lab, Starport Tech Lab  
  50  4:12  Viking  
  50  4:16  Marine  
  53  4:22  Supply Depot  
  53  4:23  Marine  
  56  4:28  Siege Tank, Missile Turret  
  57  4:33  Missile Turret  
  57  4:37  Marine  
  58  4:39  SCV x2  
  58  4:41  Marine  
  56  4:51  SCV x2, Starport Tech Lab  
  54  4:54  Marine  
  54  4:58  Terran Infantry Weapons Level 1  
  54  4:59  Marine  
  56  5:03  SCV, Barracks  
  56  5:05  SCV  
  58  5:09  Raven  
  58  5:13  Siege Tank  
  63  5:15  SCV  
  63  5:17  SCV  
  63  5:18  Marine  
  63  5:19  Marine  
  67  5:25  Supply Depot  
  67  5:29  SCV, Barracks  
  67  5:30  SCV  
  69  5:36  Marine  
  69  5:38  Supply Depot  
  70  5:46  Marine, SCV x2, Siege Tank  
  75  5:53  Supply Depot  
  75  5:58  Barracks x2  
  75  6:01  Stimpack, Starport Reactor  
  75  6:03  Marine x2  
  75  6:04  Marine  
  77  6:06  SCV  
  77  6:09  SCV  
  80  6:21  Marine x2  
  80  6:22  SCV x2  
  80  6:24  Refinery, Supply Depot  
  80  6:25  Combat Shield  
  85  6:26  Factory Reactor  
  85  6:31  Marauder x2  
  86  6:34  SCV x2  
  85  6:40  Marine x2  
  85  6:45  Medivac  
  88  6:47  Medivac  
  88  6:52  Marauder x2  
  94  6:54  SCV x2  
  94  6:56  Terran Infantry Armor Level 1  
  94  7:00  Marine x2  
  94  7:01  Supply Depot  
  98  7:06  Widow Mine x2  
  96  7:12  Barracks Reactor  
  96  7:13  Barracks Tech Lab  
  96  7:14  Marauder  
  98  7:16  Marauder  
  98  7:18  Marine x2  
  98  7:22  Supply Depot, Medivac  
  102  7:27  Medivac  
  106  7:32  Widow Mine x2  
  106  7:34  Marauder  
  106  7:35  Marauder  
  114  7:41  Marauder  
  114  7:42  Marine x2  
  118  7:53  Marine x2  
  118  7:55  Marauder  
  118  7:56  Marauder  
  124  8:00  Widow Mine  
  124  8:03  Supply Depot  
  124  8:05  Marine x2, Medivac  
  126  8:06  Widow Mine, Marauder  
  126  8:11  Marine, Medivac  
  132  8:17  Marauder  
  134  8:25  Marine x3, Marauder  
  134  8:26  Marine  
  139  8:29  Marine  
  130  8:38  Marine  
  130  8:40  Widow Mine x2  
  135  8:42  Marine x3  
  135  8:45  Marauder  
  135  8:46  Marine  
  135  8:47  Marine  
  126  8:56  Marauder  
  126  8:59  Medivac  
  126  9:00  Marine x3  
  126  9:02  Widow Mine x2  
  135  9:04  Marauder  
  135  9:06  Marauder  
  135  9:07  Marine  
  117  9:17  Marine  
  117  9:18  Marine  
  117  9:19  Medivac  
  117  9:23  Widow Mine x2  
  118  9:26  Marauder  
  118  9:28  Marauder  
  118  9:30  Ghost Academy  
  114  9:31  Concussive Shells  
  114  9:33  Marine  
  114  9:34  Marine  
  110  9:40  Medivac  
  110  9:45  Marine  
  111  9:49  Medivac  
  115  9:53  Widow Mine x2  
  115  9:58  Marine x2  
  115  9:59  Marine  
  122  10:03  Ghost  
  122  10:04  Ghost  
  122  10:06  Ghost  
  124  10:09  Marine  
  125  10:15  Marine x2  
  125  10:17  Widow Mine  
  125  10:19  Widow Mine  
  131  10:23  Medivac  
  133  10:33  Marauder x2  
  133  10:34  Marine x2  
  141  10:35  Marauder  
  137  10:51  Widow Mine  
  137  10:52  Widow Mine  
  137  10:54  Marauder x2  
  147  10:57  Marauder  
  147  10:59  Marine x2  
  143  11:13  Widow Mine x2  
  143  11:15  Viking, Marauder  
  143  11:16  Marine  
  150  11:27  Supply Depot  
  150  11:41  Widow Mine  
  150  11:42  Marine  
  150  11:43  Marauder  
  150  11:46  Marine  

Tags
 
Add a new tag
Caveats
  • Supply blocks, unpowered buildings, or Contaminate may cause inaccurate times.
  • Supply counts are checked every 10 seconds.